 Dungeon Crawl Stone Soup version 0.29-a0-299-g4c793a2ed2 (webtiles) character file.

Game seed: 16114119053723438468

12857 Ijustatesigmund the Fighter (level 11, -3/71 HPs)
             Began as a Gargoyle Fighter on Mar 24, 2022.
             Was an Elder of Cheibriados.
             Slain by a freezing wraith (10 damage)
             ... on level 11 of the Dungeon.
             The game lasted 00:20:57 (9718 turns).

Ijustatesigmund the Fighter (Gargoyle Fighter)      Turns: 9718, Time: 00:20:57

Health: -3/71      AC: 26    Str: 29    XL:     11   Next: 99%
Magic:  17/17      EV: 12    Int: 22    God:    Cheibriados [****..]
Gold:   96         SH:  6    Dex: 18    Spells: 6/10 levels left

rFire   + . .      SeeInvis +   a - +3 flail (protect)
rCold   . . .      Faith    .   c - +0 buckler
rNeg    + . .      Spirit   .   b - +1 chain mail "Esaukessax" {+Blink SInv}
rPois   ∞          Reflect  .   p - +0 helmet
rElec   +          Harm     .   d - +1 cloak
rCorr   .          Rampage  .   z - +1 pair of gloves "Takog" {SInv}
Will    .....                   r - +0 pair of boots
Stlth   ..........              l - amulet of regeneration
HPRegen 1.01/turn               g - ring of protection from fire
MPRegen 0.15/turn               C - +2 ring of evasion

@: about to teleport, very slow
A: sickness immunity, AC +8, negative energy resistance 1, electricity
resistance, torment resistance 1, petrification resistance
a: Renounce Religion, Evoke Blink, Bend Time, Temporal Distortion, Slouch


You were on level 11 of the Dungeon.
You worshipped Cheibriados.
Cheibriados was greatly pleased with you.
You visited 2 branches of the dungeon, and saw 12 of its levels.

You collected 491 gold pieces.
You spent 395 gold pieces at shops.

Inventory:

Hand Weapons
 a - a +3 flail of protection (weapon)
 k - a +1 demon whip of venom
Armour
 b - the +1 chain mail "Esaukessax" (worn) {+Blink SInv}
   (You found it on level 3 of the Dungeon)

   SInv:      It lets you see invisible.
   +Blink:    It lets you blink.
 c - a +0 buckler (worn)
 d - a +1 cloak (worn)
 p - a +0 helmet (worn)
 r - a +0 pair of boots (worn)
 z - the +1 pair of gloves "Takog" (worn) {SInv}
   (You bought it in a shop on level 10 of the Dungeon)

   SInv:      It lets you see invisible.
Jewellery
 g - a ring of protection from fire (left hand)
 l - an amulet of regeneration (around neck)
 v - a ring of flight
 C - a +2 ring of evasion (right hand)
Wands
 j - a wand of polymorph (16)
 q - a wand of flame (35)
 u - a wand of iceblast (5)
 y - a wand of acid (16)
 A - a wand of mindburst (12)
Scrolls
 f - 4 scrolls of magic mapping
 o - a scroll of identify
 s - 2 scrolls of enchant weapon
 x - a scroll of teleportation
Potions
 e - a potion of magic
 h - a potion of mutation
 i - a potion of flight
 m - a potion of resistance
 n - 2 potions of curing
 t - a potion of degeneration {unknown}
 w - a potion of cancellation {unknown}
 B - a potion of invisibility
 D - a potion of might
 E - a potion of ambrosia {unknown}


   Skills:
 + Level 9.5 Fighting
 + Level 9.3 Maces & Flails
 - Level 5.8 Armour
 + Level 4.4 Dodging
 - Level 6.4 Shields
 - Level 6.0 Conjurations
 + Level 4.3 Fire Magic
 + Level 8.5 Invocations
 - Level 4.3 Evocations


You had 6 spell levels left.
You knew the following spells:

 Your Spells              Type           Power      Damage    Failure   Level
a - Sticky Flame          Conj/Fire      22%        2d4       77%         4

Your spell library contained the following spells:

 Spells                   Type           Power      Damage    Failure   Level
 Static Discharge         Conj/Air       13%        N/A       41%         2
 Freeze                   Ice            0%         1d3       71%         1
 Slow                     Hex            0%         N/A       71%         1
 Corpse Rot               Necr/Air       0%         N/A       83%         2
 Poisonous Vapours        Pois/Air       0%         N/A       83%         2
 Hailstorm                Conj/Ice       13%        3d5       96%         4
 Call Canine Familiar     Summ           0%         N/A       97%         3
 Confusing Touch          Hex            0%         N/A       97%         3
 Frozen Ramparts          Ice            0%         1d2       97%         3
 Portal Projectile        Hex/Tloc       0%         N/A       97%         3
 Vampiric Draining        Necr           0%         2d6       97%         3
 Airstrike                Air            0%         N/A       100%        4
 Dispel Undead            Necr           0%         3d6       100%        4
 Leda's Liquefaction      Hex/Erth       0%         N/A       100%        4
 Summon Ice Beast         Ice/Summ       0%         N/A       100%        4
 Summon Lightning Spire   Summ/Air       0%         N/A       100%        4
 Lightning Bolt           Conj/Air       6%         1d18      100%        5
 Summon Mana Viper        Hex/Summ       0%         N/A       100%        5
 Monstrous Menagerie      Summ           0%         N/A       100%        7


Dungeon Overview and Level Annotations

Branches:
Dungeon (11/15)            Temple (1/1) D:4            Lair (0/6) D:11
    Orc: D:9-12

Altars:
Ashenzari
Cheibriados
Dithmenos
Elyvilon
Fedhas
Gozag
Hepliaklqana
Kikubaaqudgha
Makhleb
Nemelex Xobeh
Okawaru
Qazlal
Ru
Sif Muna
Trog
Uskayaw
Vehumet
Wu Jian
Xom
Yredelemnul
Zin
The Shining One

Shops:
D:5 (   D:9 =   D:10 *

Annotations:
D:10 3 runed translucent doors


Innate Abilities, Weirdness & Mutations

You are immune to sickness and miasma.
Your stone body is resilient. (AC +8)
You are immune to poison.
You resist negative energy. (rN+)
You are resistant to electric shocks. (rElec)
You are resistant to unholy torment.
You are immune to petrification.


Message History

The death knight shouts!
A freezing wraith comes into view.
The tormentor calls on the powers of darkness!
The death knight convulses!
Your body is wracked with pain!
The death knight offers itself to Yredelemnul, and fills with unholy energy.
The tormentor calls on the powers of darkness!
The death knight convulses!
Your body is wracked with pain!
The tormentor suffers a backlash!
The tormentor calls on the powers of darkness!
The death knight convulses!
Your body is wracked with pain!
The tormentor suffers a backlash!
The death knight invokes the aid of Yredelemnul against you.
Your body is wracked with pain!
A skeletal warrior comes into view. It is wielding a +0 hand axe.
Aiming: Corrosive Bolt
Press: ? - help, Shift-Dir - straight line, f - death knight
Aim: a death knight, wielding a +2 vorpal broad axe and wearing a +0 chain mail (almost dead, reflecting injuries, 74% to hit)
The bolt of acid hits the death knight!
The acid corrodes the death knight!
You kill the death knight!
Cheibriados thoroughly appreciates the change of pace.
Your damage is reflected back at you!
As you read the scroll of teleportation, it crumbles to dust.
You feel strangely unstable. The freezing wraith hits you!
* * * LOW HITPOINT WARNING * * *
The freezing wraith freezes you!
* * * LOW HITPOINT WARNING * * *
The freezing wraith hits you but does no damage.
You feel better.
The tormentor says, "I am all your nightmares come true."
The tormentor calls on the powers of darkness!
Your body is wracked with pain!
* * * LOW HITPOINT WARNING * * *
The tormentor says, "I know your fate.
It's pain."
You block the freezing wraith's attack. The freezing wraith barely misses you.
The tormentor says, "Get ready!
Throes of agony await you."
The freezing wraith attacks as you move away!
The freezing wraith hits you.
* * * LOW HITPOINT WARNING * * *
The freezing wraith freezes you!
You die...

'####...#.............
....#...#####.........
........#...#....#######
........'...#...........
........#...)...........
........#)..#....#######
....#####...##..........
+####...................
#.........#.@.)z....
#.........#.W.......
#.........#.....?..?
#.........#.....|###
#.........#.....##2!
...........#....!#2$.
............#....?#(.?
............#....##..[


You could see a skeletal warrior, a freezing wraith and 2 tormentors.

Vanquished Creatures
  A centaur warrior (D:8)
  A death knight (D:11)
  A skeletal warrior (D:11)
  Amaemon (D:9)
  An ugly thing (D:8)
  A manticore (D:7)
  An orange demon (D:9)
  A gargoyle (D:11)
  4 trolls
  Grinder (D:3)
  A hornet (D:8)
  Sigmund (D:2)
  13 yaks
  2 shadows
  3 wyverns
  Eustachio (D:4)
  3 wraiths
  5 steam dragons
  A vampire mosquito (D:8)
  Menkaure (D:7)
  2 wargs (D:11)
  2 acid dragons
  2 water moccasins
  Duvessa (D:7)
  5 orc warriors
  3 sky beasts
  3 black bears
  An ice beast (D:7)
  2 ogres
  4 centaurs
  A kobold brigand (D:9)
  2 bullfrogs (D:8)
  3 necrophages
  A gnoll sergeant (D:10)
  2 scorpions
  4 wights (D:10)
  Dowan (D:7)
  A howler monkey (D:6)
  7 hounds
  2 jellies
  A gnoll shaman (D:9)
  7 orc priests
  Crazy Yiuf (D:2)
  Jessica (D:2)
  Natasha (twice) (D:3)
  2 iguanas
  6 orc wizards
  6 adders
  9 gnolls
  A shadow imp (D:7)
  A worm (D:3)
  2 dart slugs
  23 orcs
  7 ball pythons
  4 endoplasms
  3 giant cockroaches
  5 goblins
  6 hobgoblins
  6 jackals
  11 kobolds
  2 quokkas
  13 bats
  9 frilled lizards
  7 rats
228 creatures vanquished.

Vanquished Creatures (others)
  9 fungi (D:7)
  2 plants
11 creatures vanquished.

Grand Total: 239 creatures vanquished

Notes
Turn   | Place    | Note
-------+----------+-------------------------------------------
     0 | D:1      | Ijustatesigmund the Gargoyle Fighter began the quest for
                  | the Orb.
     0 | D:1      | Reached XP level 1. HP: 14/14 MP: 1/1
   479 | D:1      | Found a faded altar of an unknown god.
   584 | D:1      | Reached XP level 2. HP: 19/19 MP: 2/2
  1469 | D:1      | Reached XP level 3. HP: 3/24 MP: 3/3
  1917 | D:2      | Noticed Jessica
  1920 | D:2      | Killed Jessica
  1921 | D:2      | Reached XP level 4. HP: 29/29 MP: 4/4
  2008 | D:2      | Found a runed translucent door.
  2010 | D:2      | Noticed Crazy Yiuf
  2017 | D:2      | Killed Crazy Yiuf
  2221 | D:2      | Reached XP level 5. HP: 30/34 MP: 5/5
  2439 | D:2      | Noticed Sigmund
  2457 | D:2      | Killed Sigmund
  2458 | D:2      | Reached skill level 5 in Fighting
  2458 | D:2      | Reached skill level 5 in Maces & Flails
  2458 | D:2      | Reached XP level 6. HP: 29/40 MP: 6/6
  2605 | D:3      | Identified the +1 chain mail "Esaukessax" {+Blink SInv}
  2716 | D:3      | Found an opulent altar of Gozag.
  2722 | D:3      | Noticed Natasha
  2738 | D:3      | Killed Natasha
  2918 | D:3      | Noticed Grinder
  2938 | D:3      | Killed Grinder
  2939 | D:3      | Reached XP level 7. HP: 30/45 MP: 7/7
  2972 | D:3      | Noticed Natasha
  2984 | D:3      | Killed Natasha
  3672 | D:4      | Learned a level 4 spell: Sticky Flame
  3704 | D:4      | Found a staircase to the Ecumenical Temple.
  3710 | D:4      | Noticed Eustachio
  3734 | D:4      | Killed Eustachio
  3735 | D:4      | Reached skill level 1 in Conjurations
  3735 | D:4      | Reached XP level 8. HP: 50/52 MP: 8/8
  3954 | D:5      | Entered Level 5 of the Dungeon
  3983 | D:5      | Reached skill level 5 in Armour
  3983 | D:5      | Reached skill level 1 in Fire Magic
  4343 | D:5      | Found Maonnoyfab's Antique Weapon Shop.
  4457 | Temple   | Entered the Ecumenical Temple
  4700 | Temple   | Became a worshipper of Cheibriados the Contemplative
  4882 | D:6      | Reached skill level 1 in Invocations
  4912 | D:6      | Reached XP level 9. HP: 57/57 MP: 8/10
  5047 | D:6      | Found a blossoming altar of Fedhas.
  5460 | D:7      | Noticed Duvessa
  5460 | D:7      | Noticed Dowan
  5612 | D:7      | Killed Dowan
  5626 | D:7      | Killed Duvessa
  5627 | D:7      | Reached skill level 1 in Evocations
  5707 | D:7      | Noticed a manticore
  5715 | D:7      | Killed a manticore
  5945 | D:7      | Reached * piety under Cheibriados
  5961 | D:7      | Noticed a troll
  5991 | D:7      | Killed a troll
  5992 | D:7      | Reached skill level 5 in Shields
  6114 | D:7      | Reached skill level 5 in Invocations
  6197 | D:7      | Identified the +4 ring mail of the Crushed Knives {Int+6}
  6203 | D:7      | Reached XP level 10. HP: 58/63 MP: 13/13
  6536 | D:7      | Noticed Menkaure
  6543 | D:7      | Killed Menkaure
  6945 | D:8      | Reached skill level 1 in Dodging
  6969 | D:8      | Reached ** piety under Cheibriados
  6972 | D:8      | Found a basalt altar of Yredelemnul.
  7012 | D:8      | Noticed a centaur warrior
  7042 | D:8      | Killed a centaur warrior
  7099 | D:8      | Noticed a green ugly thing
  7106 | D:8      | Killed a green ugly thing
  7449 | D:8      | Reached skill level 5 in Conjurations
  7675 | D:9      | Noticed Maurice
  7712 | D:9      | Noticed Maurice
  7712 | D:9      | Maurice changed into Maurice the scorpion
  7719 | D:9      | Killed Maurice the scorpion
  7720 | D:9      | Reached XP level 11. HP: 68/68 MP: 16/16
  7914 | D:9      | Noticed Amaemon
  7933 | D:9      | Killed Amaemon
  8185 | D:9      | Found Nelio's One-of-a-Kind Rings.
  8190 | D:9      | Bought a +2 ring of evasion for 120 gold pieces
  8262 | D:9      | Reached *** piety under Cheibriados
  8796 | D:10     | Entered Level 10 of the Dungeon
  9065 | D:10     | Found Zuehun's Assorted Antiques.
  9079 | D:10     | Bought a pair of warped gloves for 275 gold pieces
  9079 | D:10     | Identified the +1 pair of gloves "Takog" {SInv} (You bought
                  | it in a shop on level 10 of the Dungeon)
  9123 | D:10     | Found a runed translucent gate.
  9123 | D:10     | Found a runed translucent gate.
  9123 | D:10     | Found a runed translucent gate.
  9123 | D:10     | Noticed a red ugly thing
  9123 | D:10     | Noticed a red ugly thing
  9125 | D:10     | Noticed a white ugly thing
  9125 | D:10     | Noticed a faun
  9125 | D:10     | Noticed a brown ugly thing
  9125 | D:10     | a faun changed into a swamp worm
  9125 | D:10     | Noticed a red ugly thing
  9319 | D:10     | Reached **** piety under Cheibriados
  9499 | D:10     | Noticed a moth of wrath
  9500 | D:10     | a moth of wrath changed into a guardian serpent
  9606 | D:11     | Found a staircase to the Lair.
  9663 | D:11     | Noticed a skeletal warrior
  9694 | D:11     | Killed a skeletal warrior
  9709 | D:11     | Noticed a death knight
  9713 | D:11     | Noticed a skeletal warrior
  9715 | D:11     | Killed a death knight
  9718 | D:11     | Slain by a freezing wraith

Illustrated notes

Levels and vault maps discovered:
D:1:      roderic_crop_circles_arrival_small, layout_loops_corners,
          chequers_ecumenical_altar_simple_redux
D:2:      layout_rooms, minmay_pentomino_p4, uniq_crazy_yiuf_cottage,
          uniq_jessica, uniq_sigmund
D:3:      layout_loops_cross, mainiacjoe_overflow_catwalk, uniq_grinder,
          uniq_natasha
D:4:      layout_loops_cross, minmay_temple_entry_junction_2, roderic_batcave,
          uniq_eustachio
D:5:      layout_rooms, serial_shops, nicolae_shop_trees,
          hangedman_decor_peaks_small
D:6:      layout_loops_ring, nicolae_overflow_hidden_temple
D:7:      kennysheep_steamy, layout_basic, minmay_chambers_of_fives,
          uniq_duvessa, uniq_menkaure
D:8:      layout_loops_cross, mainiacjoe_overflow_tiny_flanked, kb_rosetta
D:9:      layout_loops_corners, dk_noncrumbling_3, nicolae_shop_unique_rings,
          uniq_amaemon, uniq_maurice
D:10:     layout_gridville, ploomutoo_gammafunk_ghost_potion_laboratory,
          serial_shops, shop_statue, minmay_crystal_room
D:11:     cheibrodos_tormentor_scu, layout_grid_maze, erik_lair_orcish_takeover,
          ploomutoo_gammafunk_ghost_potion_laboratory, minmay_ruined_shrine,
          uniq_fannar
Temple:   mainiacjoe_temple_bowtie_tessellation

Skill      XL: |  1  2  3  4  5  6  7  8  9 10 11 |
---------------+----------------------------------+-----
Maces & Flails | 3 4 5 6 7 8 9 |  9.3
Fighting       | 4 5 6 7 8 9 |  9.5
Armour         | 4 5 |  5.8
Conjurations   | 1 3 5 6 |  6.0
Fire Magic     | 2 3 4 |  4.3
Invocations    | 1 5 7 8 |  8.5
Evocations     | 3 4 |  4.3
Shields        | 5 6 |  6.4
Dodging        | 2 4 |  4.4

Action                   |  1- 3 |  4- 6 |  7- 9 | 10-12 || total
-------------------------+-------+-------+-------+-------++-------
Melee: Flail             |   117 |   140 |   309 |   555 ||  1121
Invok: Bend Time         |       |       |       |     3 ||     3
 Abil: Evoke Blink       |       |       |       |     2 ||     2
Evoke: Wand              |       |       |    18 |    13 ||    31
  Use: Scroll            |     4 |     3 |    10 |     7 ||    24
       Potion            |     1 |     2 |     2 |     4 ||     9
 Stab: Invisible         |       |     4 |     1 |       ||     5
Armor: Scale mail        |    79 |    77 |       |       ||   156
       Chain mail        |       |    24 |   275 |   433 ||   732
       Skin              |       |       |     5 |       ||     5
Dodge: Dodged            |    66 |    70 |   140 |   279 ||   555
Block: Buckler           |    24 |    32 |    83 |   173 ||   312

Table legend: (Time is in decaauts)
 A = Elapsed time spent in this place.
 B = Non-inter-level travel time spent in this place.
 C = Inter-level travel time spent in this place.
 D = Time resting spent in this place.
 E = Time spent auto-exploring this place.
 F = Levels seen in this place.
 G = Mean time per level.
                   A        B        C        D        E       F      G
               +--------+--------+--------+--------+--------+-----+--------+
         Total |  11410 |  10869 |    541 |   1138 |   7533 |  12 |  950.8 |
       Dungeon |  11144 |  10653 |    491 |   1138 |   7331 |  11 | 1013.1 |
        Temple |    265 |    215 |     50 |      0 |    202 |   1 |  265.0 |
               +--------+--------+--------+--------+--------+-----+--------+

Top non-repeatable levels by time:
     D:1: 1732 daAuts
     D:9: 1602 daAuts
     D:7: 1420 daAuts
     D:8: 1205 daAuts
     D:6: 1048 daAuts
    D:10: 1022 daAuts
     D:2: 850 daAuts
     D:4: 766 daAuts
     D:3: 743 daAuts
     D:5: 501 daAuts
  Temple: 265 daAuts
    D:11: 252 daAuts
